 Dungeon Sprint DCSS version 0.30-a0-43-gbbf338a72c (webtiles) character file.

Game seed: 13901014693138812830

5 Zeldest the Charlatan (level 1, 0/16 HPs)
             Began as a Mummy Artificer on Sept 1, 2022.
             Slain by an adder (2 damage)
             ... in the Dungeon (Sprint IX: "|||||||||||||||||||||||||||||").
             The game lasted 00:00:40 (333 turns).

Zeldest the Charlatan (Mummy Artificer)              Turns: 333, Time: 00:00:40

Health: 0/16       AC:  3    Str: 15    XL:     1   Next: 66%
Magic:  1/1        EV: 11    Int: 10    God:
Gold:   0          SH:  0    Dex: 12    Spells: 0/0 levels left

rFire   x . .      SeeInvis .    a - +0 club
rCold   + . .      Faith    .    (no shield)
rNeg    + + +      Spirit   .    b - +0 leather armour
rPois   ∞          Reflect  .    (no helmet)
rElec   .          Harm     .    (no cloak)
rCorr   .          Rampage  .    (no gloves)
Will    .....      NoTele   +    (no boots)
Stlth   +.........               (no amulet)
HPRegen 0.05/turn                (no ring)
MPRegen 0.07/turn                (no ring)

@: no status effects
A: cold resistance 1, negative energy resistance 3, torment resistance 2, heat
vulnerability 1, no potions
a: no special abilities


You were in the Dungeon.
You visited 1 branch

Inventory:

Hand Weapons
 a - a +0 club (weapon)
Armour
 b - a +0 leather armour (worn)
Wands
 c - a wand of flame (15) (quivered)
 d - a wand of charming (15)
 e - a wand of iceblast (5)
Scrolls
 f - a scroll of blinking


   Skills:
 + Level 2.0 Fighting
 - Level 1.6 Armour
 - Level 0.9 Dodging
 - Level 1.0 Stealth
 + Level 1.2 Invocations
 + Level 2.9 Evocations


You couldn't memorise any spells.
You didn't know any spells.
Your spell library was empty.

Dungeon Overview and Level Annotations

Branches:
Dungeon (1/1)

Altars:


Innate Abilities, Weirdness & Mutations

You are immune to poison.
Your flesh is cold resistant. (rC+)
You are immune to negative energy. (rN+++)
You are immune to unholy pain and torment.
You are vulnerable to heat. (rF-)
You do not drink.


Message History

The hobgoblin misses you.
You hit the hobgoblin.
The hobgoblin is almost dead.
The hobgoblin barely misses you. x2
You hit the hobgoblin.
You kill the hobgoblin!
Your Fighting skill increases to level 2!
You start resting.
HP restored.
You open the door. 2 adders, 2 white imps and an iguana come into view.
The adder hisses angrily.
The white imp shouts!
The iguana hisses angrily.
The adder hisses angrily.
You barely miss the adder. The adder misses you. The adder barely misses you.
The adder bites you. The adder barely misses you. The adder barely misses you.
The adder barely misses you. The adder bites you. x2
Blink to where?
Press: ? - help, Dir - move target
Okay, then.
You can't drink.
Unknown command.
You miss the adder.
The white imp shouts, "Quit, thou pandering spleeny bloater!"
The adder bites you.
The white imp lashes its tail.
You barely miss the adder. The adder closely misses you.
The adder barely misses you.
You hit the adder but do no damage. The adder bites you.
The adder barely misses you.
You closely miss the adder. The adder bites you.
* * * LOW HITPOINT WARNING * * *
You hit the adder.
The adder is lightly wounded.
The adder barely misses you. x2
You hit the adder.
The adder is lightly wounded.
The adder bites you.
You die...

▓<▓
▓.▓
▓.▓
▓.▓
▓÷▓
▓.▓
▓.▓
▓.▓
▓@▓
▓S▓
▓S▓
▓5▓
▓5▓
▓l▓
▓.▓
▓.▓
▓+▓


You could see an iguana, 2 adders and 2 white imps.

Vanquished Creatures
  A bat (D)
  2 hobgoblins (D)
  A ball python (D)
  A rat (D)
5 creatures vanquished.

Notes
Turn   | Place    | Note
-------+----------+-------------------------------------------
     0 | D        | Zeldest the Mummy Artificer began the quest for the Orb.
     0 | D        | Reached XP level 1. HP: 15/15 MP: 1/1
     7 | D        | Reached skill level 1 in Stealth
    16 | D        | Reached skill level 1 in Invocations
   321 | D        | Noticed an iguana
   333 | D        | Slain by an adder

Illustrated notes

Levels and vault maps discovered:
D:        linesprint [early_d, line_temple, items_1, d_10, items_2, lair_1,
          lair_end, items_3, orc_1, orc_end, items_4, d_15, swamp_1, shoals_1,
          snake_1, spider_1, d_20, vaults_1, items_5, swamp_end, shoals_end,
          snake_end, spider_end, vaults_end, d_27, items_6, zot_1, zot_end,
          crypt_end, forest_end, elf_end, slime_end, tomb_end, abyss_end,
          pan_hell_end]

Skill      XL: |  1 |
---------------+----+-----
Stealth        | 1 |  1.0
Invocations    | 1 |  1.2
Fighting       | 2 |  2.0
Armour         | |  1.6
Dodging        | |  0.9
Evocations     | |  2.9

Action                   || total
-------------------------++-------
Melee: Club              ||    32
Armor: Leather armour    ||     8
Dodge: Dodged            ||    31

Table legend: (Time is in decaauts)
 A = Elapsed time spent in this place.
 B = Non-inter-level travel time spent in this place.
 C = Inter-level travel time spent in this place.
 D = Time resting spent in this place.
 E = Time spent auto-exploring this place.
 F = Levels seen in this place.
 G = Mean time per level.
                   A        B        C        D        E       F      G
               +--------+--------+--------+--------+--------+-----+--------+
         Total |    342 |    342 |      0 |    286 |      0 |   1 |  342.0 |
       Dungeon |    342 |    342 |      0 |    286 |      0 |   1 |  342.0 |
               +--------+--------+--------+--------+--------+-----+--------+

Top non-repeatable levels by time:
       D: 342 daAuts
